 Dungeon Crawl Stone Soup version 0.30-a0-782-ge64f9170bb (webtiles) character file.

Game seed: 12218642238143345493

4518 Crownlay the Grappler (level 10, 0/98 (100) HPs)
             Began as a Troll Fighter on Mar 12, 2023.
             Was a Believer of Wu Jian.
             Slain by a vampire (4 damage)
             ... on level 9 of the Dungeon.
             The game lasted 00:11:12 (6245 turns).

Crownlay the Grappler (Troll Fighter)               Turns: 6245, Time: 00:11:13

HP:   0/98 (100)    AC:  6    Str: 26    XL:     10   Next: 17%
MP:   9/9           EV:  9    Int:  8    God:    Wu Jian [**....]
Gold: 239           SH:  9    Dex:  9    Spells: 9/9 levels left

rFire   . . .      SeeInvis .      - Unarmed
rCold   . . .      Faith    .    b - +0 kite shield
rNeg    . . .      Spirit   .    s - +1 robe
rPois   .          Reflect  .    (helmet restricted)
rElec   .          Harm     .    v - +0 cloak
rCorr   .          Rampage  .    (gloves unavailable)
Will    .....                    (boots unavailable)
Stlth   +                        n - amulet of regeneration
HPRegen 1.96/turn                (no ring)
MPRegen 0.11/turn                (no ring)

@: lightly drained
A: large, unfitting armour, claws 3, regeneration 1, shaggy fur 1, tough skin 1
a: Renounce Religion, Wall Jump


You were on level 9 of the Dungeon.
You worshipped Wu Jian.
Wu Jian was pleased with you.
You visited 2 branches of the dungeon, and saw 10 of its levels.

You collected 547 gold pieces.
You spent 308 gold pieces at shops.

Inventory:

Missiles
 g - 8 curare-tipped darts
 l - a throwing net
 w - 6 poisoned darts (quivered)
Armour
 b - a +0 kite shield (worn)
 s - a +1 robe (worn)
 v - a +0 cloak (worn)
Jewellery
 a - an amulet of the acrobat
 n - an amulet of regeneration (around neck)
 C - a ring of ice
Wands
 r - a wand of paralysis (15)
 E - a wand of flame (23)
 F - a wand of light (6)
 G - a wand of digging (6)
Scrolls
 e - a scroll of identify
 f - a scroll of silence {unknown}
 h - a scroll of magic mapping {unknown}
 j - 2 scrolls of teleportation
 q - 2 scrolls of enchant armour
 u - 2 scrolls of torment
 x - 2 scrolls of summoning
 y - a scroll of vulnerability {unknown}
 z - 2 scrolls of fog
 B - a scroll of brand weapon {unknown}
 D - a scroll of blinking
Potions
 c - 3 potions of might
 d - 3 potions of magic
 i - a potion of mutation {unknown}
 k - a potion of lignification {unknown}
 m - 4 potions of curing
 o - 2 potions of haste
 p - a potion of heal wounds
 t - a potion of flight {unknown}
 A - a potion of brilliance {unknown}


   Skills:
 + Level 6.4 Fighting
 + Level 4.1 Dodging
 + Level 7.1 Shields
 * Level 10.3 Unarmed Combat


You had 9 spell levels left.
You didn't know any spells.
Your spell library contained the following spells:

 Spells                   Type           Power      Damage    Failure   Level
 Apportation              Tloc           0%         N/A       65%         1
 Kiss of Death            Conj/Necr      0%         2d5       65%         1
 Confusing Touch          Hex            0%         N/A       95%         3
 Dispel Undead            Necr           0%         3d6       100%        4
 Summon Ice Beast         Ice/Summ       0%         N/A       100%        4
 Alistair's Intoxication  Tmut/Pois      0%         N/A       100%        5
 Summon Mana Viper        Hex/Summ       0%         N/A       100%        5
 Monstrous Menagerie      Summ           0%         N/A       100%        7


Dungeon Overview and Level Annotations

Branches:
Dungeon (9/15)             Temple (1/1) D:5
   Lair: D:8-11         Orc: D:9-12

Altars:
Ashenzari
Cheibriados
Dithmenos
Elyvilon
Fedhas
Gozag
Hepliaklqana
Kikubaaqudgha
Makhleb
Nemelex Xobeh
Okawaru
Qazlal
Ru
Sif Muna
Trog
Vehumet
Wu Jian
Yredelemnul
Zin
The Shining One

Shops:
D:2 ?

Annotations:
D:6 3 runed translucent doors, HoaS's ghost, novice DgHu


Innate Abilities, Weirdness & Mutations

You are too large for most types of armour.
You have claws for hands.
Your natural rate of healing is unusually fast.
You are covered in fur. (AC +1)
You have tough skin. (AC +1)


Message History

You hear some strange, mumbled words.
Something tries to affect you, but you resist.
You're too confused to move!
You feel sick. Something hits you. Something bites you.
* * * LOW HITPOINT WARNING * * *
Something draws strength from your injuries!
You bump into the rock wall.
You feel sick. Something hits you!
* * * LOW HITPOINT WARNING * * *
Something completely misses you.
The kobold brigand throws a poisoned dart.
You claw something!
You feel sick. Something draws life force from you!
* * * LOW HITPOINT WARNING * * *
The kobold brigand throws a poisoned dart.
You feel better. You block something's attack. Something bites you.
* * * LOW HITPOINT WARNING * * *
Something draws strength from your injuries!
You scratch something but do no damage. Something completely misses you.
Something bites you!
* * * LOW HITPOINT WARNING * * *
Something draws strength from your injuries!
You feel much better. Something hits you!
* * * LOW HITPOINT WARNING * * *
Something bites you.
* * * LOW HITPOINT WARNING * * *
Something draws strength from your injuries!
You scratch something but do no damage.
You hear some strange, mumbled words.
You are confused.
You feel better. Something hits you!
* * * LOW HITPOINT WARNING * * *
Something bites you.
* * * LOW HITPOINT WARNING * * *
Something draws strength from your injuries!
Okay, then.
There is nothing to wall jump against here.
You claw something! Something hits you but does no damage. Something bites you!
* * * LOW HITPOINT WARNING * * *
Something draws strength from your injuries!
You claw something! Something hits you.
You die...

##....#### ............
#........###
#...........
#..........##
#...........
#...........#
#..........
#...........#
#.....K....
##........### #.........
#.......## ##......##
#........########....###
##...........)@{K....#
###......#########..#
##.....# ..# ##.....####
..# #.........## ..#
#........... .#
#.......... #.......###
##.††.###


You could see a kobold brigand.

Vanquished Creatures
  Pikel (D:4)
  3 unseen horror zombies (D:8)
  Menkaure (D:5)
  Edmund (D:5)
  2 orc warriors (D:8)
  2 ice beasts
  A hornet zombie (D:8)
  A black bear (D:4)
  A phantom (D:6)
  A kobold brigand (D:6)
  Blork the orc (D:4)
  A wyvern zombie (D:8)
  3 bullfrogs
  A scorpion (D:5)
  15 wights
  A jelly (D:6)
  2 electric eels (D:8)
  5 howler monkeys
  3 centaur zombies (D:8)
  3 hounds
  Crazy Yiuf (D:5)
  4 orc priests
  Terence (D:3)
  4 iguanas
  9 orc wizards
  4 killer bee zombies (D:8)
  3 howler monkey zombies (D:8)
  7 adders
  A shadow imp (D:7)
  2 white imps
  An ufetubus (D:6)
  A worm (D:2)
  3 dart slugs
  19 orcs
  3 bats
  3 bat zombies (D:3)
  8 endoplasms
  6 giant cockroaches
  11 hobgoblins
  2 jackals (D:1)
  17 kobolds
  3 quokkas
  3 ball pythons
  8 frilled lizards
  7 goblins
  7 rats
  2 rat zombies (D:3)
  A spectral orc (D:8)
190 creatures vanquished.

Vanquished Creatures (others)
  7 withered plants (D:8)
7 creatures vanquished.

Grand Total: 197 creatures vanquished

Notes
Turn   | Place    | Note
-------+----------+-------------------------------------------
     0 | D:1      | Crownlay the Troll Fighter began the quest for the Orb.
     0 | D:1      | Reached XP level 1. HP: 22/22 MP: 0/0
   148 | D:1      | Reached XP level 2. HP: 29/29 MP: 1/1
   746 | D:2      | Reached XP level 3. HP: 31/36 MP: 2/2
   798 | D:2      | Reached skill level 3 in Unarmed Combat
   809 | D:2      | Found a glowing silver altar of Zin.
   914 | D:2      | Found Upnipt's Magic Scroll Shop.
   924 | D:2      | Reached XP level 4. HP: 42/44 MP: 3/3
   936 | D:2      | Bought a scroll of teleportation for 42 gold pieces
  1143 | D:3      | Found a sacrificial altar of Ru.
  1215 | D:3      | Noticed Terence
  1222 | D:3      | Killed Terence
  1339 | D:3      | Found a faded altar of an unknown god.
  1392 | D:3      | Found an ancient bone altar of Kikubaaqudgha.
  1735 | D:4      | Noticed a black bear
  1743 | D:4      | Killed a black bear
  1744 | D:4      | Reached skill level 4 in Unarmed Combat
  1744 | D:4      | Reached XP level 5. HP: 45/53 MP: 4/4
  1755 | D:4      | Found a broken altar of Ashenzari.
  2039 | D:4      | Noticed Blork the orc
  2054 | D:4      | Killed Blork the orc
  2055 | D:4      | Reached XP level 6. HP: 41/61 MP: 5/5
  2104 | D:4      | Noticed Pikel
  2123 | D:4      | Killed Pikel
  2124 | D:4      | Reached skill level 6 in Unarmed Combat
  2124 | D:4      | Reached XP level 7. HP: 65/70 MP: 6/6
  2380 | D:5      | Entered Level 5 of the Dungeon
  2725 | D:5      | Noticed Menkaure
  2731 | D:5      | Killed Menkaure
  2732 | D:5      | Reached skill level 5 in Shields
  2732 | D:5      | Reached XP level 8. HP: 72/79 MP: 7/7
  2780 | D:5      | Reached skill level 7 in Unarmed Combat
  2806 | D:5      | Found a staircase to the Ecumenical Temple.
  2825 | Temple   | Entered the Ecumenical Temple
  2840 | Temple   | Became a worshipper of the Wu Jian Council
  2913 | D:5      | Noticed Edmund
  2922 | D:5      | Killed Edmund
  3001 | D:5      | Reached skill level 5 in Fighting
  3056 | D:5      | Found a runed translucent door.
  3057 | D:5      | Noticed Crazy Yiuf
  3231 | D:5      | Killed Crazy Yiuf
  3644 | D:6      | Reached skill level 8 in Unarmed Combat
  3653 | D:6      | Found a runed translucent gate.
  3789 | D:6      | Found a runed translucent gate.
  3790 | D:6      | Found a runed translucent gate.
  3792 | D:6      | Noticed HoaS's ghost (novice DgHu)
  4026 | D:6      | Reached * piety under Wu Jian
  4334 | D:2      | Bought a scroll of blinking for 105 gold pieces
  4334 | D:2      | Bought a scroll of summoning for 133 gold pieces
  4334 | D:2      | Bought a scroll of identify for 28 gold pieces
  4523 | D:7      | Found a stormy altar of Qazlal.
  4620 | D:7      | Found a burning altar of Makhleb.
  4853 | D:8      | Reached XP level 9. HP: 79/87 MP: 8/8
  5013 | D:8      | Identified the +6 short sword "Naostrei" {drain, rPois rF+
                  | Str-3}
  5032 | D:8      | Reached skill level 9 in Unarmed Combat
  5041 | D:8      | HP: 1/87 [wight/+0 trident (4)]
  5420 | D:8      | Found an iron altar of Okawaru.
  5449 | D:8      | Found a basalt altar of Yredelemnul.
  5693 | D:8      | Reached skill level 10 in Unarmed Combat
  5695 | D:8      | Reached ** piety under Wu Jian
  5696 | D:8      | Reached XP level 10. HP: 98/100 MP: 9/9
  6244 | D:9      | HP: 2/98 [something (10)]
  6245 | D:9      | Slain by a vampire

Illustrated notes

Levels and vault maps discovered:
D:1:      minmay_arrival_five_plusses, layout_loops_ring, st_stairs_13,
          chequers_serial_rivers_small_b, hangedman_decor_clover_reticule,
          minmay_misc_feat_columns, minmay_misc_feat_more_columns
D:2:      layout_basic, serial_shops,
          nicolae_shop_temple_entry_statues_fountains, basic_altar, st_stairs_9
D:3:      layout_loops_cross, lemuel_zombie_altar_kikubaaqudgha,
          nicolae_ru_awakened_eye, ebering_ecumenical_altar_petrified,
          serial_bayou_lagoon_a, uniq_terence
D:4:      layout_loops_cross, marbit_many_paths, uniq_blork_the_orc, uniq_pikel
D:5:      layout_basic, minmay_temple_entry_stoned_glass, uniq_edmund,
          uniq_menkaure, uniq_crazy_yiuf_cottage
D:6:      layout_loops_corners, ebering_ghost_rock_garden
D:7:      layout_gridville, lemuel_doored_altar, grunt_qazlal_sundering
D:8:      layout_loops_corners, mainiacjoe_overflow_24_doors,
          yredelemnul_forgotten_temple_becter, serial_undead, serial_undead_c,
          serial_undead_d, serial_undead_f, serial_undead_b, serial_undead_a,
          serial_undead_a, serial_undead_f, serial_undead_f,
          palyth_stone_intersect, nicolae_wwwww
D:9:      layout_cave_pods
Temple:   cyrus_circular_temple

Skill      XL: |  1  2  3  4  5  6  7  8  9 |
---------------+----------------------------+-----
Shields        | 3 4 5 6 7 |  7.1
Unarmed Combat | 3 4 6 8 10 | 10.3
Fighting       | 3 4 5 6 |  6.4
Dodging        | 4 |  4.1

Action                     |  1- 3 |  4- 6 |  7- 9 | 10-12 || total
---------------------------+-------+-------+-------+-------++-------
  Melee: Unarmed           |   112 |    98 |   328 |    78 ||   616
  Throw: Dart              |       |     2 |     2 |       ||     4
         Throwing net      |       |       |     1 |       ||     1
Ability: Lunge             |       |       |    16 |     6 ||    22
         Whirlwind         |       |       |     3 |       ||     3
    Use: Scroll            |       |       |     4 |     3 ||     7
         Potion            |       |       |     2 |     3 ||     5
   Stab: Held in net/web   |       |       |     1 |       ||     1
 Armour: Robe              |    28 |    33 |    73 |    14 ||   148
  Dodge: Dodged            |    36 |    37 |   105 |    16 ||   194
  Block: Kite shield       |    41 |    40 |   109 |    19 ||   209

Table legend: (Time is in decaauts)
 A = Elapsed time spent in this place.
 B = Non-inter-level travel time spent in this place.
 C = Inter-level travel time spent in this place.
 D = Time resting spent in this place.
 E = Time spent auto-exploring this place.
 F = Levels seen in this place.
 G = Mean time per level.
                   A        B        C        D        E       F      G
               +--------+--------+--------+--------+--------+-----+--------+
         Total |   6256 |   5563 |    693 |      0 |   4315 |  10 |  625.6 |
       Dungeon |   6225 |   5546 |    679 |      0 |   4312 |   9 |  691.7 |
        Temple |     30 |     16 |     14 |      0 |      3 |   1 |   30.0 |
               +--------+--------+--------+--------+--------+-----+--------+

Top non-repeatable levels by time:
     D:8: 1178 daAuts
     D:6: 1130 daAuts
     D:5: 933 daAuts
     D:4: 692 daAuts
     D:3: 687 daAuts
     D:1: 675 daAuts
     D:2: 444 daAuts
     D:9: 305 daAuts
     D:7: 177 daAuts
  Temple: 30 daAuts
